 Dungeon Crawl Stone Soup version 0.21.1-1-g345015f (webtiles) character file.

151 letownia2 the Spear-Bearer (level 5, 26/38 HPs)
             Began as a Merfolk Gladiator on Mar 14, 2018.
             Quit the game on level 4 of the Dungeon.
             The game lasted 00:02:42 (576 turns).

letownia2 the Spear-Bearer (Merfolk Gladiator)       Turns: 576, Time: 00:02:42

Health: 26/38      AC:  4    Str: 14    XL:     5   Next: 33%
Magic:  5/5        EV: 14    Int:  9    God:
Gold:   78         SH:  0    Dex: 15    Spells: 4/4 levels left

rFire    . . .     SeeInvis .   a - +0 trident
rCold    . . .     Gourm    .   (no shield)
rNeg     . . .     Faith    .   b - +0 leather armour
rPois    .         Spirit   .   c - +0 helmet
rElec    .         Reflect  .   (no cloak)
rCorr    .         Harm     .   (no gloves)
MR       +....                  (no boots)
Stlth    +.........             (no amulet)
HPRegen  0.12/turn              m - ring of protection from magic
MPRegen  0.09/turn              (no ring)

@: no status effects
A: change form in water, swift swim, stealthy swim
a: no special abilities


You were on level 4 of the Dungeon.
You were not hungry.

You visited 1 branch of the dungeon, and saw 4 of its levels.

You collected 78 gold pieces.

Inventory:

Hand Weapons
 a - a +0 trident (weapon)
 o - a +4 dagger of venom
Missiles
 d - 3 throwing nets (quivered)
Armour
 b - a +0 leather armour (worn)
 c - a +0 helmet (worn)
 i - a +0 ring mail
Jewellery
 m - a ring of protection from magic (left hand)
Scrolls
 g - 3 scrolls of enchant weapon {unknown}
 h - 4 scrolls of identify {unknown}
 j - a scroll of magic mapping {unknown}
 k - a scroll of amnesia {unknown}
 p - a scroll of remove curse {unknown}
Potions
 e - a potion of heal wounds {unknown}
 l - a potion of curing {unknown}
 n - a potion of berserk rage {unknown}
 q - a potion of might {unknown}
Comestibles
 f - 2 rations


   Skills:
 - Level 2.1 Fighting
 + Level 8.5 Polearms
 - Level 2.0 Throwing
 - Level 4.0 Dodging


You had 4 spell levels left.
You didn't know any spells.

Dungeon Overview and Level Annotations

Branches:
Dungeon (4/15)
 Temple: D:4-7

Altars:
Vehumet


Message History

Press: ? - help, Dir - move target cursor, f - you That would be overly suicidal.
Okay, then.
Found 8 gold pieces.
Found a radiant altar of Vehumet.
An orc comes into view.
The orc shouts!
Found 3 gold pieces and a mace.
Attack whom?
Press: ? - help, Dir - move target cursor, f - orc
Aim: an orc, wearing a robe and wearing a wooden ring You reach to attack!
You puncture the orc!
You kill the orc!
No target in view!
No target in view!
You now have 75 gold pieces (gained 8).
Found a leather armour.
You now have 78 gold pieces (gained 3).
You swing at nothing.
Are you sure you want to abandon this character and quit the game? (Confirm with "yes".)

#
#..#########
#...@.....#
#######...#
###.# #.# ##
#.# ..# #.#
...# #.##
#..# #..#
#..# ##.##


There were no monsters in sight!

Vanquished Creatures
  A phantom (D:4)
  Jessica (D:3)
  4 worms
  2 leopard geckos
  2 orcs
  A bat (D:2)
  2 giant cockroaches
  2 hobgoblins (D:1)
  4 kobolds
  A frilled lizard (D:2)
  3 goblins
  2 rats (D:1)
25 creatures vanquished.

Vanquished Creatures (others)
  An adder (D:4)
1 creature vanquished.

Grand Total: 26 creatures vanquished

Notes
Turn   | Place    | Note
-------+----------+-------------------------------------------
     0 | D:1      | letownia2 the Merfolk Gladiator began the quest for the Orb.
     0 | D:1      | Reached XP level 1. HP: 16/16 MP: 1/1
   107 | D:1      | Reached skill level 5 in Polearms
   107 | D:1      | Reached XP level 2. HP: 11/22 MP: 2/2
   314 | D:2      | Reached skill level 6 in Polearms
   314 | D:2      | Reached XP level 3. HP: 19/27 MP: 3/3
   346 | D:3      | Noticed Jessica
   351 | D:3      | Killed Jessica
   357 | D:3      | Reached skill level 7 in Polearms
   357 | D:3      | Reached XP level 4. HP: 23/33 MP: 4/4
   501 | D:4      | Noticed a phantom
   526 | D:4      | Killed a phantom
   526 | D:4      | Reached skill level 8 in Polearms
   526 | D:4      | Reached XP level 5. HP: 20/38 MP: 5/5
   536 | D:4      | Found a radiant altar of Vehumet.
   576 | D:4      | Quit the game

Skill      XL: |  1  2  3  4 |
---------------+-------------+-----
Polearms       | 5 6 7 8 |  8.5
Fighting       | |  2.1
Throwing       | |  2.0
Dodging        | |  4.0

Action                   |  1- 3 |  4- 6 || total
-------------------------+-------+-------++-------
Melee: Trident           |    74 |    28 ||   102
Armor: Leather armour    |     9 |     6 ||    15
Dodge: Dodged            |    33 |    11 ||    44
